 Dungeon Crawl Stone Soup version 0.31.0-9-g3a7656b989 (webtiles) character file.

Game seed: 1348994160197002904

22 Kass the Apothecary (level 2, 0/13 (17) HPs)
             Began as an Octopode Alchemist on Jan 31, 2024.
             Slain by Jessica
             ... wielding a +2 dagger of draining
              (1 damage)
             ... on level 2 of the Dungeon.
             The game lasted 00:03:06 (1433 turns).

Kass the Apothecary (Octopode Alchemist)            Turns: 1433, Time: 00:03:07

HP:   0/13 (17)     AC:  1    Str:  7    XL:     2   Next: 91%
MP:   1/5           EV: 13    Int: 17    God:
Gold: 37            SH:  0    Dex: 12    Spells: 2/5 levels left

rFire   . . .        (no weapon)
rCold   . . .        (no shield)
rNeg    . . .        (helmet restricted)
rPois   .            (no amulet)
rElec   .            (no ring)
rCorr   .            (no ring)
SInv    .            (no ring)
Will    .....        (no ring)
Stlth   +++          (no ring)
HPRegen 0.22/turn    (no ring)
MPRegen 0.09/turn    (no ring)
                     (no ring)

%: no passive effects
@: heavily drained
A: almost no armour, amphibious, 8 rings, camouflage 1, gelatinous body 1,
(nimble swimmer 1), tentacles
a: no special abilities


You were on level 2 of the Dungeon.
You visited 1 branch of the dungeon, and saw 2 of its levels.

You collected 37 gold pieces.

Inventory:

Jewellery
 e - an amulet of the acrobat
Scrolls
 d - 3 scrolls of identify {unknown}
 f - 3 scrolls of fear {unknown}
 h - 3 scrolls of teleportation {unknown}
Potions
 a - a potion of magic
 b - 3 potions of curing {unknown}
 c - 2 potions of mutation {unknown}
 g - a potion of degeneration {unknown}


   Skills:
 + Level 2.2 Dodging
 + Level 3.2 Stealth
 + Level 2.2 Spellcasting
 + Level 1.4 Conjurations
 + Level 3.5 Alchemy


You had 2 spell levels left.
You knew the following spells:

 Your Spells              Type           Power      Damage    Failure   Level
a - Sting                 Conj/Alch      40%        1d5       7%          1
b - Mercury Vapours       Alch/Air       14%        N/A       14%         2

Your spell library contained the following spells:

 Spells                   Type           Power      Damage    Failure   Level
 Mephitic Cloud           Conj/Alch/Air  7%         N/A       28%         3
 Olgreb's Toxic Radiance  Alch           13%        N/A       41%         4
 Sticky Flame             Fire/Alch      7%         2d4       67%         4


Dungeon Overview and Level Annotations

Branches:
Dungeon (2/15)

Altars:

Annotations:
D:2 Jessica


Innate Abilities, Weirdness & Mutations

You cannot wear most types of armour.
You are amphibious.
You can wear up to eight rings at the same time.
Your skin changes colour to match your surroundings (Stealth+).
Your rubbery body absorbs attacks. (AC +1, EV +1)
((You are camouflaged when in or above water. (Stealth+)))
You have tentacles for arms and can constrict up to eight enemies at once.


Message History

Jessica casts a spell.
Jessica seems to speed up.
Jessica looks more healthy.
Jessica says, "I'm really upset."
Casting: Sting (safe; 7% risk of failure)
Confirm with . or Enter, or press ? or * to list all spells.
Aiming: Sting (safe; 7% risk of failure)
Press: ? - help, Shift-Dir - straight line, f/p - Jessica
Aim: Jessica, wielding a +2 dagger of draining and wearing a +0 robe (severely wounded, fast, 71% to hit)
The sting hits Jessica.
Jessica is poisoned.
Jessica is severely wounded.
Jessica hits you with a +2 dagger of draining!
Ouch! That really hurt!
You feel drained.
Casting: Sting (safe; 7% risk of failure)
Confirm with . or Enter, or press ? or * to list all spells.
Aiming: Mercury Vapours (safe; 14% risk of failure)
Press: ? - help, Dir - move target, p - Jessica Fumes of mercury billow through the air!
Jessica looks weaker.
Jessica casts a spell at you. You resist with some effort.
Jessica hits you with a +2 dagger of draining.
You feel drained. Jessica attacks as she pursues you!
Jessica hits you with a +2 dagger of draining.
* * * LOW HITPOINT WARNING * * *
You feel drained.
Casting: Mercury Vapours (safe; 14% risk of failure)
Confirm with . or Enter, or press ? or * to list all spells.
Aiming: Sting (safe; 7% risk of failure)
Press: ? - help, Shift-Dir - straight line, f - Jessica
Aim: Jessica, wielding a +2 dagger of draining and wearing a +0 robe (severely wounded, fast, poisoned, weak, 71% to hit)
The sting hits Jessica but does no damage.
Jessica looks even sicker.
Jessica is severely wounded.
Jessica hits you with a +2 dagger of draining.
* * * LOW HITPOINT WARNING * * *
You feel drained.
You die...

##### #.##.########..........##
#>.....................##
#.##.########............ ##
#.##.# #..........## ... #....#
#..........# .... ######
###########...#.# .....
#######...........#...##
......##.....#...........##...#
.............@@..........###...
......##.##.##...........# #.#.
......##.##.##...........# #.#.
..............#.########.# #.##
......#####.###.# #.# #.##
..... #.# #.# .# #.# .... #.#
#.# #.# ## #.# #.. #. #.# ###


You could see Jessica (fast, very poisoned, weak).

Vanquished Creatures
  4 bats
  An endoplasm (D:2)
  A goblin (D:2)
  3 hobgoblins (D:1)
  3 quokkas
  A ball python (D:1)
  2 frilled lizards
  2 kobolds (D:2)
  3 rats
20 creatures vanquished.

Notes
Turn   | Place    | Note
-------+----------+-------------------------------------------
     0 | D:1      | Kass the Octopode Alchemist began the quest for the Orb.
     0 | D:1      | Reached XP level 1. HP: 11/11 MP: 3/3
   283 | D:1      | Reached XP level 2. HP: 17/17 MP: 0/5
   994 | D:2      | Learned a level 2 spell: Mercury Vapours
  1421 | D:2      | Noticed Jessica
  1433 | D:2      | Slain by Jessica

Illustrated notes

Levels and vault maps discovered:
D:1:      enne_arrival_octagon_isle, layout_loops_ring
D:2:      layout_basic, uniq_jessica

Skill      XL: |  1  2 |
---------------+-------+-----
Stealth        | 3 |  3.2
Dodging        | |  2.2
Spellcasting   | |  2.2
Conjurations   | |  1.4
Alchemy        | |  3.5

Action                     || total
---------------------------++-------
  Melee: Unarmed           ||    16
         Constrict         ||     7
         Tentacles         ||     6
   Cast: Sting             ||    26
         Mercury Vapours   ||     3
   Stab: Sleeping          ||     1
 Armour: Skin              ||    11
  Dodge: Dodged            ||    16
